Map: Shadowed Jungle

Players

Bolleface

  • Race: Terran Terran
  • League: Platinum
  • Spawn Location: 7:00

Bollekongen

  • Race: Zerg Zerg
  • Spawn Location: 5:00

Loken - Winner!

  • Race: Protoss Protoss
  • League: Platinum
  • Spawn Location: 11:00

dallaskuken - Winner!

  • Race: Protoss Protoss
  • League: Platinum
  • Spawn Location: 1:00

VOD

Have the link to the VOD?

Description

Time

  • Played on: March 30, 2017, 2:56 p.m.
  • Length: 8:14
Show
View Real Time Build Order
Export as new Build Order

Bolleface Terran 

Build Orders:  

Get SALT Encoding   

  12  0:00  SCV  
  13  0:13  SCV  
  14  0:18  Supply Depot  
  14  0:25  SCV  
  15  0:40  SCV  
  15  0:42  Barracks  
  16  0:52  SCV, Supply Depot  
  17  1:04  SCV  
  18  1:14  Barracks  
  18  1:16  SCV  
  19  1:28  SCV  
  19  1:30  Marine  
  21  1:33  Barracks  
  21  1:48  Marine  
  22  1:57  Orbital Command  
  22  2:01  Marine  
  22  2:05  Refinery  
  22  2:06  Marine  
  24  2:19  Marine  
  24  2:20  Marine  
  26  2:24  Marine  
  26  2:25  SCV  
  26  2:26  Supply Depot  
  28  2:37  Marine  
  28  2:38  Marine  
  28  2:42  Marine  
  31  2:48  Supply Depot  
  31  2:55  Marine x2  
  33  2:59  Marine  
  34  3:10  Supply Depot  
  34  3:12  Marine  
  34  3:13  Marine  
  34  3:17  Marine  
  34  3:19  Engineering Bay  
  37  3:27  SCV  
  37  3:29  Command Center  
  37  3:30  Marine  
  37  3:31  Marine  
  40  3:35  Marine  
  41  3:48  Marine  
  41  3:49  Marine  
  41  3:52  Missile Turret  
  41  3:53  Marine  
  41  3:55  Terran Infantry Weapons Level 1  
  44  4:06  Marine  
  44  4:08  SCV  
  46  4:15  Missile Turret  
  46  4:20  SCV  
  44  4:33  SCV  
  45  4:45  SCV  
  45  4:53  Marine x3  
  45  4:57  Orbital Command, SCV  
  49  5:04  Refinery  
  49  5:11  Marine x3  
  48  5:28  Marine  
  48  5:29  Marine x2  
  48  5:46  Marine  
  48  5:47  Marine x2  
  43  5:58  SCV  
  44  6:04  Marine  
  44  6:05  Marine x2, Terran Infantry Armor Level 1  
  44  6:10  Factory  
  44  6:11  SCV  
  48  6:16  Barracks  
  48  6:22  Marine  
  48  6:23  SCV  
  48  6:25  Barracks  
  50  6:28  Missile Turret  
  50  6:35  SCV  
  50  6:36  Refinery  
  50  6:38  Refinery  
  51  6:47  SCV  
  51  6:50  Missile Turret  
  47  6:59  SCV  
  33  7:02  Marine  
  33  7:03  Marine x3  
  32  7:20  Marine x2  
  32  7:21  Marine x2  
  21  7:38  Marine x3  
Show
View Real Time Build Order
Export as new Build Order

Bollekongen Zerg 

Build Orders: Pool First 

Get SALT Encoding   

  12  0:01  Drone  
  13  0:15  Overlord  
  13  0:18  Drone  
  14  0:34  Drone x2  
  16  0:44  Spawning Pool  
  16  0:46  Extractor  
  14  0:51  Drone  
  14  0:54  Drone  
  16  1:00  Drone  
  17  1:13  Drone  
  18  1:29  Drone  
  19  1:33  Queen  
  21  1:53  Overlord  
  22  1:54  Drone  
  22  2:00  Roach Warren  
  21  2:03  Overlord  
  21  2:05  Overlord  
  21  2:40  Roach x2  
  21  2:41  Roach  
  21  2:43  Roach x3  
  33  2:48  Extractor  
  32  2:55  Drone  
  33  3:00  Hatchery  
  32  3:06  Roach  
  34  3:14  Roach  
  34  3:15  Roach x2  
  34  3:19  Roach  
  42  3:31  Roach  
  44  3:44  Drone  
  46  3:48  Drone  
  46  3:49  Overlord x2  
  46  4:05  Metabolic Boost  
  46  4:12  Zergling x4  
  46  4:14  Lair  
  46  4:16  Drone  
  41  5:01  Zergling x8  
  41  5:03  Drone x3  
  41  5:05  Queen  
  41  5:06  Extractor  
  47  5:46  Zergling x12  
  47  5:47  Zergling x4  
  35  6:15  Glial Reconstitution  
  35  6:17  Roach x3  
  41  6:19  Roach x3  
  47  6:26  Spine Crawler  
  47  6:27  Spine Crawler x2  
  34  7:16  Zergling x2  
  34  7:17  Zergling x14  
  34  7:18  Zergling x6  
  35  7:46  Zergling x10  
Show
View Real Time Build Order
Export as new Build Order

Loken Protoss - Winner!

Build Orders: 1 Gate Expand 

Get SALT Encoding   

  12  0:01  Probe (Chrono Boost)  
  13  0:12  Probe (Chrono Boost)  
  14  0:22  Pylon  
  14  0:26  Probe (Chrono Boost)  
  15  0:40  Probe (Chrono Boost)  
  16  0:43  Gateway  
  16  0:51  Probe (Chrono Boost)  
  17  1:01  Assimilator, Probe (Chrono Boost)  
  18  1:12  Probe (Chrono Boost)  
  19  1:25  Nexus  
  19  1:28  Probe (Chrono Boost)  
  20  1:40  Cybernetics Core  
  20  1:45  Probe (Chrono Boost)  
  21  1:55  Probe (Chrono Boost)  
  22  2:06  Probe (Chrono Boost)  
  22  2:07  Pylon  
  23  2:18  Warp Gate  
  23  2:25  Zealot  
  23  2:26  Probe (Chrono Boost)  
  23  2:29  Pylon  
  26  2:32  Gateway  
  26  2:36  Probe (Chrono Boost)  
  27  2:42  Twilight Council  
  27  2:46  Assimilator  
  27  2:48  Probe (Chrono Boost)  
  27  2:51  Probe (Chrono Boost)  
  29  2:57  Stalker  
  31  3:01  Probe (Chrono Boost)  
  31  3:03  Probe (Chrono Boost)  
  33  3:13  Probe x2 (Chrono Boost)  
  35  3:22  Stalker  
  35  3:24  Probe (Chrono Boost)  
  38  3:27  Stalker  
  38  3:29  Probe (Chrono Boost)  
  41  3:35  Probe (Chrono Boost)  
  41  3:40  Probe (Chrono Boost)  
  41  3:41  Gateway  
  43  3:43  Gateway  
  43  3:46  Probe (Chrono Boost)  
  44  3:49  Resonating Glaives  
  44  3:50  Gateway  
  45  3:55  Probe (Chrono Boost)  
  45  3:56  Probe (Chrono Boost)  
  46  4:16  Probe x2 (Chrono Boost)  
  48  4:18  Assimilator  
  48  4:22  Assimilator  
  48  4:27  Probe (Chrono Boost)  
  48  4:28  Probe (Chrono Boost)  
  50  4:39  Adept x2  
  50  4:44  Pylon  
  50  4:45  Pylon  
  54  4:46  Pylon x2  
  54  4:47  Pylon  
  54  4:54  Pylon  
  54  5:07  Adept x4  
  54  5:08  Adept  
  64  5:16  Forge  
  64  5:18  Forge  
  41  5:29  Adept x5  
  33  5:51  Adept  
  33  5:52  Adept x3  
  39  6:09  Probe (Chrono Boost)  
  39  6:11  Probe (Chrono Boost)  
  41  6:20  Probe (Chrono Boost)  
  41  6:21  Probe (Chrono Boost)  
  43  6:27  Pylon  
  43  6:30  Probe (Chrono Boost)  
  43  6:31  Pylon  
  43  6:32  Probe (Chrono Boost)  
  45  6:41  Probe (Chrono Boost)  
  45  6:42  Probe (Chrono Boost)  
  37  7:00  Zealot x3  
  37  7:01  Zealot  
  39  7:50  Nexus  
Show
View Real Time Build Order
Export as new Build Order

dallaskuken Protoss - Winner!

Build Orders:  

Get SALT Encoding   

  12  0:01  Probe (Chrono Boost)  
  13  0:12  Probe (Chrono Boost)  
  14  0:21  Pylon  
  14  0:26  Probe (Chrono Boost)  
  15  0:40  Gateway  
  15  0:43  Probe (Chrono Boost)  
  16  0:53  Probe (Chrono Boost)  
  17  1:04  Forge  
  17  1:05  Probe (Chrono Boost)  
  17  1:10  Assimilator  
  18  1:16  Probe (Chrono Boost)  
  19  1:26  Probe (Chrono Boost)  
  19  1:28  Cybernetics Core  
  19  1:29  Pylon  
  20  1:37  Probe (Chrono Boost)  
  20  1:39  Assimilator  
  21  1:48  Zealot  
  21  1:53  Warp Gate  
  23  2:00  Probe (Chrono Boost)  
  24  2:11  Probe (Chrono Boost)  
  25  2:16  Stalker  
  27  2:29  Mothership Core (Chrono Boost)  
  29  2:36  Gateway  
  29  2:38  Gateway  
  29  2:45  Photon Cannon  
  29  2:49  Pylon  
  29  3:09  Pylon  
  29  3:13  Photon Cannon  
  29  3:21  Stalker  
  31  3:31  Photon Cannon  
  31  3:53  Photon Cannon  
  31  4:06  Stargate  
  31  4:09  Stalker x2  
  35  4:12  Zealot  
  37  4:33  Zealot  
  37  4:48  Pylon  
  37  4:57  Pylon  
  37  5:01  Sentry  
  37  5:06  Void Ray  
  43  5:13  Pylon  
  43  5:14  Pylon  
  43  5:24  Stalker x2  
  47  5:33  Zealot  
  49  5:58  Void Ray  
  53  6:07  Zealot  
  55  6:17  Stalker x2  
  57  6:56  Nexus  
  57  7:58  Zealot x2  
  57  7:59  Zealot  
Tags
 
Add a new tag
Caveats
  • Supply blocks, unpowered buildings, or Contaminate may cause inaccurate times.
  • Supply counts are checked every 10 seconds.